 Dungeon Crawl Stone Soup version 0.31-a0-237-g2d982f9f85 (webtiles) character file.

Game seed: 3604338791309200275

12 qw the Shooter (level 2, 0/16 HPs)
             Began as a Gargoyle Hexslinger on July 10, 2023.
             Slain by a hobgoblin (2 damage)
             ... on level 1 of the Dungeon.
             The game lasted 00:00:09 (351 turns).

qw the Shooter (Gargoyle Hexslinger)                 Turns: 351, Time: 00:00:09

Health: 0/16       AC:  4    Str: 11    XL:     2   Next: 33%
Magic:  3/3        EV: 12    Int: 13    God:
Gold:   0          SH:  0    Dex: 12    Spells: 2/3 levels left

rFire   . . .        a - +1 sling
rCold   . . .        (no shield)
rNeg    + . .        c - +0 robe
rPois   inf          (no helmet)
rElec   +            (no cloak)
rCorr   .            (no gloves)
SInv    .            (no boots)
Will    .....        (no amulet)
Stlth   +            (no ring)
HPRegen 0.22/turn    (no ring)
MPRegen 0.08/turn

%: no passive effects
@: no status effects
A: sickness immunity, AC +2, negative energy resistance 1, electricity
resistance, torment resistance 1, petrification resistance
a: no special abilities


You were on level 1 of the Dungeon.
You visited 1 branch of the dungeon, and saw 1 of its levels.


Innate Abilities, Weirdness & Mutations

You are immune to sickness and miasma.
Your stone body is resilient. (AC +2)
You are immune to poison.
You resist negative energy. (rN+)
You are resistant to electric shocks. (rElec)
You are resistant to unholy torment.
You are immune to petrification.


   Skills:
 - Level 1.1 Fighting
 + Level 2.9 Ranged Weapons
 - Level 1.5 Dodging
 - Level 1.0 Spellcasting
 - Level 2.6 Hexes


You had 2 spell levels left.
You knew the following spells:

 Your Spells              Type           Power      Damage    Failure   Level
a - Slow                  Hex            28%        N/A       10%         1

Your spell library contained the following spells:

 Spells                   Type           Power      Damage    Failure   Level
 Inner Flame              Hex/Fire       4%         N/A       43%         3
 Portal Projectile        Hex/Tloc       8%         N/A       43%         3
 Cause Fear               Hex            3%         N/A       67%         4

Inventory:

Hand Weapons
 a - a +1 sling (weapon)
Armour
 c - a +0 robe (worn)
Jewellery
 d - a ring of magical power
Scrolls
 b - a scroll of poison

Dungeon Overview and Level Annotations

Branches:
Dungeon (1/15)

Altars:


Message History

The hobgoblin shoots a sling bullet.
The sling bullet hits you!
You shoot a sling bullet.
The sling bullet hits the hobgoblin but does no damage.
The hobgoblin shoots a sling bullet.
The sling bullet barely misses you.
The hobgoblin shoots a sling bullet.
The sling bullet misses you.
You shoot a sling bullet.
The sling bullet barely misses the hobgoblin.
The hobgoblin shoots a sling bullet.
The sling bullet barely misses you.
You shoot a sling bullet. The sling bullet hits the hobgoblin.
The hobgoblin is moderately wounded.
The hobgoblin shoots a sling bullet.
The sling bullet hits you.
You shoot a sling bullet.
The sling bullet closely misses the hobgoblin.
The hobgoblin shoots a sling bullet.
The sling bullet hits you.
You shoot a sling bullet.
The sling bullet hits the hobgoblin but does no damage.
The hobgoblin is moderately wounded.
The hobgoblin shoots a sling bullet.
The sling bullet hits you.
The hobgoblin shoots a sling bullet.
The sling bullet closely misses you.
You shoot a sling bullet.
The sling bullet hits the hobgoblin but does no damage.
The hobgoblin is moderately wounded.
You shoot a sling bullet.
The sling bullet barely misses the hobgoblin.
The hobgoblin unwields a +0 sling.
The hobgoblin hits you.
You shoot a sling bullet.
The sling bullet hits the hobgoblin but does no damage.
The hobgoblin is moderately wounded.
The hobgoblin hits you but does no damage.
You shoot a sling bullet.
The sling bullet hits the hobgoblin but does no damage.
The hobgoblin is moderately wounded.
The hobgoblin barely misses you.
You shoot a sling bullet. The sling bullet hits the hobgoblin.
The hobgoblin is heavily wounded.
The hobgoblin misses you. The hobgoblin completely misses you.
You shoot a sling bullet.
The sling bullet closely misses the hobgoblin.
The hobgoblin hits you.
You die...

#.............# #.........#
##.##########.# ##.#######.#
#.# #.####....# #.#
#.##########.#.......# #.#
#.........##.#.......#####.##
#########.##.#..>............
#.##.#.......#####.##
####.##.#...............
#....##@#....######.....
#.....g.###### #...##
#..........# #...#
#..........##### #...#
#..............# #####
#..............#
######..........#############
#...............####..#....#.
#.###...####+####.....#......


You could see a hobgoblin.

Vanquished Creatures
  2 bats (D:1)
  2 endoplasms (D:1)
  2 hobgoblins (D:1)
  A kobold (D:1)
  2 frilled lizards (D:1)
  2 goblins (D:1)
  A rat (D:1)
12 creatures vanquished.

Notes
Turn   | Place    | Note
-------+----------+-------------------------------------------
     0 | D:1      | qw the Gargoyle Hexslinger began the quest for the Orb.
     0 | D:1      | Reached XP level 1. HP: 12/12 MP: 2/2
     0 | D:1      | 0 ||| qw: Version: 0.3-a-52-g30416fa
     0 | D:1      | 0 ||| qw: Game counter: 5010
     0 | D:1      | 0 ||| qw: Melee chars always use a shield: true
     0 | D:1      | 0 ||| qw: God list: Okawaru
     0 | D:1      | 0 ||| qw: Allow faded altars: false
     0 | D:1      | 0 ||| qw: Do Orc after clearing Dungeon:15 true
     0 | D:1      | 0 ||| qw: Do second Lair branch before Depths: true
     0 | D:1      | 0 ||| qw: Lair rune preference: random
     0 | D:1      | 0 ||| qw: Goals: Normal
     0 | D:1      | 0 ||| PLANNING D:1-11
   220 | D:1      | Reached XP level 2. HP: 16/16 MP: 3/3
   344 | D:1      | HP: 4/16 [hobgoblin/sling bullet (3)]
   347 | D:1      | HP: 1/16 [hobgoblin (2)]
   351 | D:1      | Slain by a hobgoblin

Levels and vault maps discovered:
D:1:      enne_arrival_octagon_isle, layout_basic, minmay_vboxes

Action                     || total
---------------------------++-------
   Fire: Sling             ||    47
 Armour: Robe              ||     1
  Dodge: Dodged            ||    15

Table legend:
 A = Non-vault XP
 B = Vault XP
 C = Vault XP percentage of total XP
 D = Non-vault monster count
 E = Vault monster count
 F = Vault count percentage of total count
                 A         B        C        D         E       F
            +---------+---------+-------+---------+---------+-------
      Total |      18 |       0 |   0.0 |      12 |       0 |   0.0
            +---------+---------+-------+---------+---------+-------
        D:1 |      18 |       0 |   0.0 |      12 |       0 |   0.0
            +---------+---------+-------+---------+---------+-------
